 Dungeon Crawl Stone Soup version 0.30-a0-377-g5cb311bc9f (webtiles) character file.

Game seed: 9394214870852300385

12 NinjaNoafa the Caller (level 2, 0/11 HPs)
             Began as a Felid Summoner on Nov 30, 2022.
             Slain by an adder (1 damage)
             ... on level 2 of the Dungeon.
             The game lasted 00:01:02 (515 turns).

NinjaNoafa the Caller (Felid Summoner)               Turns: 515, Time: 00:01:03

Health: 0/11       AC:  1    Str:  4    XL:     2   Next: 20%
Magic:  4/6        EV: 17    Int: 16    God:
Gold:   30         SH:  0    Dex: 16    Spells: 4/5 levels left
                                        Lives:  0   Deaths: 0

rFire   . . .      SeeInvis +    (weapon unavailable)
rCold   . . .      Faith    .    (shield unavailable)
rNeg    . . .      Spirit   .    (body armour unavailable)
rPois   .          Reflect  .    (helmet unavailable)
rElec   .          Harm     .    (cloak unavailable)
rCorr   .          Rampage  .    (gloves unavailable)
Will    .....                    (boots unavailable)
Stlth   ++........               (no amulet)
HPRegen 0.21/turn                (no ring)
MPRegen 0.10/turn                (no ring)

@: quick
A: very small, claws 1, fangs 3, see invisible, speed 1, shaggy fur 1, stealthy
paws, no weapons or thrown items, no armour, multi-lived
a: no special abilities


You were on level 2 of the Dungeon.
You visited 1 branch of the dungeon, and saw 2 of its levels.

You collected 30 gold pieces.

Inventory:

Scrolls
 b - a scroll of teleportation {unknown}
 d - 2 scrolls of magic mapping {unknown}
 e - a scroll of enchant weapon {unknown}
Potions
 a - a potion of magic
 c - a potion of cancellation


   Skills:
 - Level 2.6 Dodging
 - Level 2.6 Stealth
 + Level 2.4 Spellcasting
 + Level 4.3 Summonings


You had 4 spell levels left.
You knew the following spells:

 Your Spells              Type           Power      Damage    Failure   Level
a - Summon Small Mammal   Summ           60%        N/A       3%          1

Your spell library contained the following spells:

 Spells                   Type           Power      Damage    Failure   Level
 Call Imp                 Summ           15%        N/A       5%          2
 Call Canine Familiar     Summ           15%        N/A       11%         3
 Summon Guardian Golem    Hex/Summ       8%         N/A       24%         3
 Summon Lightning Spire   Summ/Air       8%         N/A       63%         4
 Cause Fear               Hex            0%         N/A       89%         4
 Dragon Form              Tmut           0%         N/A       100%        7
 Dragon's Call            Summ           7%         N/A       100%        9


Dungeon Overview and Level Annotations

Branches:
Dungeon (1/15)

Altars:


Innate Abilities, Weirdness & Mutations

You have sharp claws.
You have razor-sharp teeth.
You have supernaturally acute eyesight. (SInv)
You cover ground quickly. (Speed+)
You are covered in fur. (AC +1)
Your paws help you pounce on unaware monsters.
You are incapable of wielding weapons or throwing items.
You cannot wear armour.
You gain extra lives every three experience levels.


Message History

Your quokka bites the adder.
The adder attacks as you move away! The adder bites you.
The adder attacks as you move away! The adder bites you but does no damage.
The adder completely misses you.
You scratch the adder.
The adder is moderately wounded.
The adder closely misses you. The adder bites you. x2
Your quokka bites the adder.
You closely miss the adder.
The adder is lightly wounded.
The adder misses you. The adder closely misses you.
Your quokka barely misses the adder.
Your rat misses the adder. The adder bites you.
Your quokka closely misses the adder.
You swap places.
Your quokka disappears in a puff of smoke!
The adder barely misses you. The adder closely misses your rat.
Your rat barely misses the adder.
Your rat bites the adder.
Your rat barely misses the adder.
The adder closely misses you. The adder attacks as you move away!
The adder misses you.
You are too injured to fight recklessly!
Casting: Summon Small Mammal (safe; 3% risk of failure)
Confirm with . or Enter, or press ? or * to list all spells.
The adder closely misses you. The adder completely misses you.
The adder attacks as you move away! The adder bites you.
The adder attacks as you move away! The adder closely misses you.
Your bat hits the adder. The adder attacks as you move away!
The adder bites you.
* * * LOW HITPOINT WARNING * * *
Your bat closely misses the adder.
The adder attacks as you move away! The adder misses you.
It was a potion of cancellation.
You feel magically purged.
Your bat misses the adder. The adder bites you.
* * * LOW HITPOINT WARNING * * *
Okay, then.
Casting: Summon Small Mammal (safe; 3% risk of failure)
Confirm with . or Enter, or press ? or * to list all spells.
Your rat disappears in a puff of smoke!
The adder bites you.
You die...

##.....#### ..##
#8...†....+ ....
##......### ....
#......# ..##
####...# #..§# #.#
#b#†# #+# #.#
#SS.# #.# #.#
#@### #.###.## #r#
##.##.... #.#
##...#...# #.#
##......... #.#
#..........
#.######.......#..
#..........###...#
############ #...#
#####


You could see 2 adders, a friendly bat (summoned) and a friendly rat (summoned).

Vanquished Creatures (collateral kills)
  A dart slug (D:2)
  A bat (D:2)
  2 giant cockroaches
  A quokka (D:2)
  2 ball pythons
  A goblin (D:1)
  2 rats (D:2)
10 creatures vanquished.

Notes
Turn   | Place    | Note
-------+----------+-------------------------------------------
     0 | D:1      | NinjaNoafa the Felid Summoner began the quest for the Orb.
     0 | D:1      | Reached XP level 1. HP: 7/7 MP: 4/4
    73 | D:1      | You fall into a shaft and drop 1 floor!
   404 | D:2      | Reached XP level 2. HP: 11/11 MP: 4/6
   515 | D:2      | Slain by an adder

Illustrated notes

Levels and vault maps discovered:
D:1:      matt_arrival_spirals, layout_rooms, ebering_ecumenical_altar_box
D:2:      layout_loops_corners, nicolae_kite_square_tiling_tiny,
          hangedman_abyss_or_decor_lesser_grid, chequers_hall_statues_wall_a,
          st_stairs_12

Action                   || total
-------------------------++-------
Melee: Unarmed           ||     2
 Cast: Summon Small Mamm ||    22
  Use: Potion            ||     1
Armor: Skin              ||     1
Dodge: Dodged            ||    24

Table legend: (Time is in decaauts)
 A = Elapsed time spent in this place.
 B = Non-inter-level travel time spent in this place.
 C = Inter-level travel time spent in this place.
 D = Time resting spent in this place.
 E = Time spent auto-exploring this place.
 F = Levels seen in this place.
 G = Mean time per level.
                   A        B        C        D        E       F      G
               +--------+--------+--------+--------+--------+-----+--------+
         Total |    453 |    453 |      0 |      0 |    312 |   2 |  226.5 |
       Dungeon |    453 |    453 |      0 |      0 |    312 |   2 |  226.5 |
               +--------+--------+--------+--------+--------+-----+--------+

Top non-repeatable levels by time:
     D:2: 388 daAuts
     D:1: 64 daAuts
